 Dungeon Crawl Stone Soup version 0.19-a0-406-ge21436e (webtiles) character file.

88 Arkorax the Skirmisher (level 4, -1/37 HPs)
             Began as a Demonspawn Wanderer on May 31, 2016.
             Killed by divine providence
             ... invoked by an orc priest
              (12 damage)
             ... on level 2 of the Dungeon.
             The game lasted 00:03:00 (2439 turns).

Arkorax the Skirmisher (Demonspawn Wanderer)        Turns: 2439, Time: 00:03:01

Health: -1/37      AC:  9    Str: 15    XL:     4   Next: 30%
Magic:  4/4        EV: 10    Int: 12    God:
Gold:   109        SH:  6    Dex: 12    Spells: 0 memorised, 3 levels left

rFire  + . .     SeeInvis .     a - +2 short sword
rCold  + . .     Gourm    .     y - +2 ring mail {rC+}
rNeg   . . .     Faith    .     o - +2 buckler
rPois  .         Spirit   .     (helmet restricted)
rElec  .         Dismiss  .     (no cloak)
rCorr  +         Reflect  .     v - +0 pair of gloves
SustAt .         Harm     .     (no boots)
MR     .....                    (no amulet)
Stlth  +.........               (no ring)
                                k - ring of resist corrosion

@: not resistant to hostile enchantments, very unstealthy
A: antennae 1, molten scales 1, fire resistance 1
a: no special abilities


You were on level 2 of the Dungeon.
You were not hungry.

You visited 1 branch of the dungeon, and saw 3 of its levels.

You collected 109 gold pieces.

Inventory:

Hand Weapons
 a - a +2 short sword (weapon)
 b - a +0 spear
 p - a cursed -1 dagger
Armour
 o - a +2 buckler (worn)
 v - a +0 pair of gloves (worn)
 y - a +2 ring mail of cold resistance (worn)
Jewellery
 k - a ring of resist corrosion (left hand)
Scrolls
 e - a scroll of random uselessness {unknown}
 j - 2 scrolls of remove curse
 l - a scroll of immolation {unknown}
 m - 2 scrolls of identify {unknown}
 s - a scroll of teleportation {unknown}
 t - a scroll of fear {unknown}
 u - a scroll of amnesia {unknown}
 w - a scroll of recharging {unknown}
Potions
 q - a potion of flight {unknown}
 r - a potion of ambrosia {unknown}
Comestibles
 f - a bread ration
 g - 2 meat rations
 h - a beef jerky


   Skills:
 * Level 4.0 Fighting
 * Level 2.2 Short Blades
 - Level 1.0 Throwing
 - Level 2.9 Armour
 - Level 1.0 Dodging
 * Level 1.4 Shields
   Level 1.0 Evocations


You had 3 spell levels left.
You didn't know any spells.

Dungeon Overview and Level Annotations

Branches:
Dungeon (3/15)

Altars:
Ru


Innate Abilities, Weirdness & Mutations

You have a pair of small antennae on your head.
You are partially covered in molten scales. (AC +1)
Your flesh is heat resistant. (rF+)


Message History

The orc priest is almost dead.
The javelin of returning fails to return to your pack!
The orc priest hits you but does no damage.
A bat comes into view.
The orc priest hits you with a flail of protection.
You climb upwards.
There is a stone staircase leading down here.
You barely miss the orc priest.
The orc priest is almost dead.
The orc priest hits you with a flail of protection.
You hit the orc priest but do no damage.
The orc priest is almost dead.
The orc priest invokes the aid of Beogh against you.
Pain shoots through your body!
* * * LOW HITPOINT WARNING * * *
You hit the orc priest.
The orc priest is almost dead.
The orc priest mumbles some strange prayers to Beogh against you.
Beogh smites you!
You die...

...#....######...################
...#.####........................
.....# #.#####..##############.#
#########.# #..# #<...
........#.# #.(# #####
#######.#.# #..# #.#.# ####.####
#.#.# #...)...# #### #.#.#
#...@o..# ...# #.#.###.......#
##.# #.#...........# #.#
#.#####......(# #.#
#.#...........# ##.#
#.#...........#
...####.#...........#
##......#....###.#.##
##.######....# #.#.##########


You could see an orc priest.

Vanquished Creatures
  Ijyb (D:2)
  An adder (D:2)
  2 worms (D:2)
  A dart slug (D:1)
  A giant gecko (D:2)
  3 orcs (D:2)
  A ball python (D:1)
  2 giant cockroaches
  4 hobgoblins
  A quokka (D:2)
  6 bats
  A giant newt (D:1)
  6 goblins
  8 kobolds
  5 rats
43 creatures vanquished.

Notes
Turn   | Place    | Note
--------------------------------------------------------------
     0 | D:1      | Arkorax the Demonspawn Wanderer began the quest for the Orb.
     0 | D:1      | Arkorax set off with: a +2 short sword, a +0 spear, a potion of curing, a +0 robe, a bread ration
     0 | D:1      | Reached XP level 1. HP: 18/18 MP: 1/1
    65 | D:1      | Gained mutation: You are partially covered in molten scales. (AC +1) [demonic ancestry]
    65 | D:1      | Reached XP level 2. HP: 9/24 MP: 2/2
   890 | D:2      | Gained mutation: You have a pair of small antennae on your head. [demonic ancestry]
   890 | D:2      | Reached XP level 3. HP: 29/29 MP: 3/3
  1257 | D:2      | Found a sacrificial altar of Ru.
  1291 | D:2      | Reached skill level 1 in Shields
  1332 | D:2      | Noticed Ijyb
  1349 | D:2      | Killed Ijyb
  1349 | D:2      | Gained mutation: Your flesh is heat resistant. (rF+) [demonic ancestry]
  1349 | D:2      | Reached XP level 4. HP: 23/37 MP: 4/4
  2417 | D:2      | Reached skill level 4 in Fighting
  2439 | D:2      | Killed from afar by an orc priest

Vault maps used:
D:1:      minmay_arrival_glassed_features, minmay_misc_feat_cross
D:2:      hangedman_ru_absence, first_bread, uniq_iyjb
D:3:      grunt_ashenzari_visionary, uniq_purgy

Skill      XL: |  1  2  3  4 |
---------------+-------------+-----
Shields        | 1 |  1.4
Short Blades   | 2 |  2.2
Fighting       | 4 |  4.0
Throwing       | |  1.0
Armour         | |  2.9
Dodging        | |  1.0
Evocations     | |  1.0

Action                   |  1- 3 |  4- 6 || total
-------------------------+-------+-------++-------
Melee: Short sword       |   120 |    40 ||   160
Throw: Javelin           |       |     8 ||     8
  Use: Potion            |       |     2 ||     2
       Scroll            |       |     1 ||     1
  Eat: Chunk             |     1 |     2 ||     3
       Bread ration      |       |     1 ||     1
Armor: Robe              |    11 |       ||    11
       Leather armour    |    15 |     5 ||    20
       Ring mail         |       |    11 ||    11
Dodge: Dodged            |    65 |    17 ||    82
Block: Buckler           |    11 |    10 ||    21
